 Dungeon Crawl Stone Soup version 0.30-a0-743-gbfdf073431 (webtiles) character file.

Game seed: 11255899716994847672

24619 Iich the Cleaver (level 12, -2/101 HPs)
             Began as a Demonspawn Fighter on Feb 6, 2023.
             Was an Initiate of Gozag.
             Slain by a 13-headed hydra (9 damage)
             ... on level 3 of the Lair of Beasts.
             The game lasted 00:27:14 (13661 turns).

Iich the Cleaver (Demonspawn Fighter)              Turns: 13661, Time: 00:27:15

Health: -2/101     AC: 23    Str: 16    XL:     12   Next: 82%
Magic:  0/12       EV:  3    Int: 10    God:    Gozag
Gold:   1103       SH: 16    Dex: 24    Spells: 11/11 levels left

rFire   . . .      SeeInvis .    K - +6 broad axe (vamp)
rCold   + + .      Faith    .    M - +1 tower shield {rC+}
rNeg    . . .      Spirit   +    B - +0 chain mail
rPois   .          Reflect  .    p - +0 helmet
rElec   .          Harm     .    m - +0 cloak
rCorr   .          Rampage  .    h - +2 pair of gloves
Will    .....                    g - +2 pair of boots {Fly} Stlth
                                 H - amulet of regeneration
HPRegen 1.16/turn                s - +6 ring of dexterity
MPRegen 0.26/turn                E - ring of protection from cold

@: about to teleport, gold aura, flying
A: claws 2, yellow scales 1, magic shield, magic regeneration, magic link
a: Renounce Religion, Potion Petition, Call Merchant, Bribe Branch


You were on level 3 of the Lair of Beasts.
You worshipped Gozag.
Gozag was most pleased with you.
You visited 3 branches of the dungeon, and saw 16 of its levels.
You also visited: Ossuary and Ice Cave.

You collected 2650 gold pieces.
You spent 588 gold pieces at shops.
You paid 959 gold pieces to Gozag.

Inventory:

Hand Weapons
 K - a +6 vampiric broad axe (weapon)
Missiles
 y - 7 curare-tipped darts (quivered)
 O - 3 throwing nets
Armour
 b - a +0 scale mail
 c - a +0 buckler
 g - a +2 pair of boots of flying (worn)
 h - a +2 pair of gloves (worn)
 m - a +0 cloak (worn)
 p - a +0 helmet (worn)
 w - a +0 crystal plate armour
 B - a +0 chain mail (worn)
 G - a +0 plate armour
 M - a +1 tower shield of cold resistance (worn)
Jewellery
 e - a ring of protection from fire
 k - an amulet of magic regeneration
 n - a ring of ice
 s - a +6 ring of dexterity (left hand)
 x - a +4 ring of protection
 E - a ring of protection from cold (right hand)
 H - an amulet of regeneration (around neck)
 Q - a ring of see invisible
Wands
 f - a wand of flame (1)
 v - a wand of charming (4)
 z - a wand of roots (18)
 I - a wand of mindburst (9)
 L - a wand of light (16)
Scrolls
 a - a scroll of immolation
 j - 4 scrolls of fog
 r - 2 scrolls of brand weapon
 A - a scroll of vulnerability
 D - 10 scrolls of teleportation
 J - a scroll of noise
 N - a scroll of silence
 R - a scroll of summoning {unknown}
Potions
 d - 5 potions of might
 i - 2 potions of heal wounds
 l - a potion of lignification
 o - a potion of attraction
 q - a potion of curing
 t - a potion of degeneration
 u - a potion of resistance {unknown}
 C - a potion of mutation
 F - a potion of haste
 P - a potion of cancellation {unknown}
Miscellaneous
 S - a phantom mirror (inert)


   Skills:
 + Level 11.7 Fighting
 * Level 14.5 Axes
 + Level 9.9 Armour
 + Level 2.7 Shields


You had 11 spell levels left.
You didn't know any spells.
Your spell library contained the following spells:

 Spells                   Type           Power      Damage    Failure   Level
 Freeze                   Ice            0%         1d3       100%        1
 Sandblast                Erth           0%         2d4       100%        1
 Cigotuvi's Dreadful Rot  Necr/Pois/Air  0%         N/A       100%        2
 Ensorcelled Hibernation  Hex/Ice        0%         N/A       100%        2
 Passwall                 Tmut/Erth      0%         N/A       100%        2
 Frozen Ramparts          Ice            0%         1d1       100%        3
 Hailstorm                Conj/Ice       0%         3d3       100%        3
 Spider Form              Tmut/Pois      0%         N/A       100%        3
 Stone Arrow              Conj/Erth      0%         3d7       100%        3
 Anguish                  Hex/Necr       0%         N/A       100%        4
 Dispel Undead            Necr           0%         3d6       100%        4
 Ice Form                 Ice/Tmut       0%         N/A       100%        4
 Borgnjor's Vile Clutch   Necr/Erth      0%         N/A       100%        5
 Yara's Violent Unravell  Hex/Tmut       0%         3d3       100%        5
 Death Channel            Necr           0%         N/A       100%        6
 Enfeeble                 Hex            0%         N/A       100%        7
 Animate Dead             Necr           Unusable   N/A       N/A         4
 Simulacrum               Ice/Necr       Unusable   N/A       N/A         6

Dungeon Overview and Level Annotations

Branches:
Dungeon (12/15)            Temple (1/1) D:6            Lair (3/5) D:11
 Shoals (0/4) Lair:2        Snake (0/4) Lair:3      Ossuary (visited)
  IceCv (visited)
    Orc: D:9-12

Altars:
Ashenzari
Cheibriados
Dithmenos
Fedhas
Gozag
Hepliaklqana
Kikubaaqudgha
Makhleb
Nemelex Xobeh
Okawaru
Qazlal
Ru
Sif Muna
Trog
Uskayaw
Vehumet
Wu Jian
Xom
Yredelemnul

Shops:
D:4 *   D:9 *(*!::[

Annotations:
D:10 2 runed translucent doors, TheSexyCheese's ghost, novice FeBe


Innate Abilities, Weirdness & Mutations

You have very sharp fingernails.
You are partially covered in yellow scales. (AC +2)
When hurt, damage is shared between your health and your magic reserves.
You regenerate magic rapidly.
When low on magic, you restore magic in place of health.


Message History

* * * LOW HITPOINT WARNING * * *
You block the 13-headed hydra's attack.
The 13-headed hydra bites you but does no damage. x2
The 13-headed hydra bites you.
* * * LOW HITPOINT WARNING * * *
The 13-headed hydra barely misses you. The 13-headed hydra bites you.
* * * LOW HITPOINT WARNING * * *
The 13-headed hydra barely misses you. You block the 13-headed hydra's attack.
The 13-headed hydra bites you.
* * * LOW HITPOINT WARNING * * *
The 13-headed hydra bites you but does no damage.
The 13-headed hydra bites you.
* * * LOW HITPOINT WARNING * * *
Aiming: Charm
Press: ? - help, Q - select action, (/) - cycle Shift-Dir - straight line, f - 13-headed hydra
Aim: a 13-headed hydra (lightly wounded, chance to affect: 17%)
Okay, then.
As you read the scroll of teleportation, it crumbles to dust.
You feel strangely unstable.
The blink frog hits you but does no damage.
The 13-headed hydra barely misses you. You block the 13-headed hydra's attack.
The 13-headed hydra bites you but does no damage.
The 13-headed hydra barely misses you.
The 13-headed hydra bites you but does no damage. x3
The 13-headed hydra bites you.
* * * LOW HITPOINT WARNING * * *
You block the 13-headed hydra's attack. The 13-headed hydra bites you!
* * * LOW HITPOINT WARNING * * *
You block the 13-headed hydra's attack.
The 13-headed hydra bites you but does no damage. x2
The blink frog hits you but does no damage.
You block the death yak simulacrum's attack.
The 13-headed hydra attacks as you move away!
You block the 13-headed hydra's attack. x2
The 13-headed hydra bites you but does no damage. x3
The 13-headed hydra bites you!
* * * LOW HITPOINT WARNING * * *
You block the 13-headed hydra's attack. The 13-headed hydra bites you!
You die...
Your body crumbles into a pile of gold.

.......#.##,*,,*,,,,,,,,,,,,,,,,,
..#.........#.,#.....,#.,*,,,,,,,
......./..#...*#....#...*,$,,,,,,
.........##...##....#...,,,,,,,,,
..........#....#........,,,,,,,,,
~~P.#....#............#.,,,,,,,,,
~~~~#..#.##.#...........,,,,,,,,,
))~~.P.D.$.....Z$.......,,,,,,,,,
..~~~~...D..#.$F@.....#,*,,,,*,,,
~..~~..#.......D$.....#,**,,,*,,,
...~~.......#...........**,*,,,,,
...~~...................,,,*,,,,,
..~~~~.P......#.........,*,*,*,*,
.~~~~#........##........**,,,,,,,
~~~.~~......P.##.##...#.*,,,,*,*,
~~P.##.#......,..#*....,,,,,,,,,,
.....,.#..,,,,,,,**,,,,,,,,,,,,,,


You could see a 13-headed hydra, a blink frog and a death yak simulacrum.

Vanquished Creatures
  A two-headed ogre (D:10)
  Urug (Lair:1)
  A necromancer (IceCv)
  An ugly thing (D:9)
  A cyclops (D:11)
  An elephant (D:11)
  A water nymph (Lair:2)
  An ice statue (IceCv)
  A cane toad (Lair:2)
  A rime drake (Lair:2)
  Maggie (Lair:2)
  5 freezing wraiths (IceCv)
  A komodo dragon (Lair:2)
  11 ice devils (IceCv)
  2 trolls
  16 blink frogs
  A shadow (D:5)
  Sigmund (D:3)
  A wraith (D:12)
  A dire elephant simulacrum (IceCv)
  10 yaks
  3 basilisks
  6 wyverns
  A steam dragon (D:9)
  3 death yak simulacra (IceCv)
  2 harpy simulacra (IceCv)
  4 acid dragons
  2 nagas (Lair:3)
  3 hydra simulacra (IceCv)
  2 water moccasins (Lair:1)
  3 sky beasts
  5 orc warriors
  An ice beast (D:5)
  A black bear (D:11)
  30 wolves (Lair:2)
  2 ogres (D:6)
  5 centaurs
  2 elf zombies (Ossuary)
  3 kobold brigands
  A necrophage (D:4)
  13 bullfrogs
  2 gnoll sergeants
  6 cane toad simulacra
  4 scorpions
  A two-headed ogre simulacrum (IceCv)
  3 elephant simulacra (IceCv)
  3 howler monkeys
  3 electric eels (D:8)
  2 hounds (D:5)
  3 orc priests
  3 jellies
  3 gnoll boudas
  2 human zombies (Ossuary)
  3 iguanas (D:6)
  Ijyb (D:3)
  10 orc wizards
  8 polar bear simulacra
  5 wolf simulacra
  2 mummies (Ossuary)
  21 gnolls
  4 adders
  2 naga simulacra (IceCv)
  3 white imps
  2 ufetubi (IceCv)
  3 adder zombies (Ossuary)
  3 worms
  6 dart slugs
  28 orcs
  10 ball pythons
  8 bats
  10 endoplasms
  4 giant cockroaches
  9 goblins
  9 hobgoblins
  20 kobolds
  6 quokkas
  5 frilled lizards
  2 goblin zombies (Ossuary)
  6 hobgoblin zombies (Ossuary)
  A jackal zombie (Ossuary)
  11 kobold zombies (Ossuary)
  8 orc zombies (Ossuary)
  9 rats
  2 rat zombies (Ossuary)
408 creatures vanquished.

Vanquished Creatures (collateral kills)
  A harpy simulacrum (IceCv)
1 creature vanquished.

Vanquished Creatures (others)
  10 fungi
  15 plants
25 creatures vanquished.

Grand Total: 434 creatures vanquished

Notes
Turn   | Place    | Note
-------+----------+-------------------------------------------
     0 | D:1      | Iich the Demonspawn Fighter began the quest for the Orb.
     0 | D:1      | Reached XP level 1. HP: 18/18 MP: 1/1
   169 | D:1      | Reached skill level 2 in Axes
   208 | D:1      | Gained mutation: You regenerate magic rapidly. [demonic
                  | ancestry]
   208 | D:1      | Reached XP level 2. HP: 13/24 MP: 2/2
   348 | D:1      | Reached XP level 3. HP: 18/29 MP: 3/3
   523 | D:1      | Reached skill level 3 in Axes
  1040 | D:2      | Gained mutation: You have sharp fingernails. [demonic
                  | ancestry]
  1040 | D:2      | Reached XP level 4. HP: 37/37 MP: 4/4
  1855 | D:3      | Reached skill level 4 in Axes
  1861 | D:3      | Gained mutation: You have very sharp fingernails. [demonic
                  | ancestry]
  1861 | D:3      | Reached XP level 5. HP: 29/42 MP: 5/5
  1956 | D:3      | Noticed Sigmund
  1964 | D:3      | Killed Sigmund
  1965 | D:3      | Reached skill level 5 in Axes
  1965 | D:3      | Reached XP level 6. HP: 44/49 MP: 6/6
  2256 | D:3      | Identified the +1 dagger of Hosmiawia {chaos, rElec Dex+2}
  2610 | D:3      | Noticed Ijyb
  2622 | D:3      | Killed Ijyb
  2828 | D:4      | Found a sand-covered staircase.
  2834 | Ossuary  | Entered an ossuary
  2980 | Ossuary  | Reached skill level 5 in Fighting
  3059 | Ossuary  | Gained mutation: You are partially covered in yellow
                  | scales. (AC +2) [demonic ancestry]
  3059 | Ossuary  | Reached XP level 7. HP: 53/56 MP: 7/7
  3077 | Ossuary  | Reached skill level 6 in Axes
  3351 | D:4      | Found Tiugreag's Assorted Antiques.
  3401 | D:4      | Bought a golden ring for 105 gold pieces
  3401 | D:4      | Bought a scroll of identify for 42 gold pieces
  3592 | D:5      | Entered Level 5 of the Dungeon
  3678 | D:5      | Found a shimmering blue altar of Sif Muna.
  3800 | D:5      | Noticed a shadow
  3817 | D:5      | Killed a shadow
  3818 | D:5      | Reached skill level 7 in Axes
  3818 | D:5      | Gained mutation: When hurt, damage is shared between your
                  | health and your magic reserves. [demonic ancestry]
  3818 | D:5      | Reached XP level 8. HP: 61/64 MP: 8/8
  4489 | D:6      | Found a staircase to the Ecumenical Temple.
  4506 | Temple   | Entered the Ecumenical Temple
  4518 | Temple   | Became a worshipper of Gozag Ym Sagoz the Greedy
  4564 | D:6      | Reached skill level 8 in Axes
  4752 | D:6      | Found an iron altar of Okawaru.
  4970 | D:7      | Found a shadowy altar of Dithmenos.
  5226 | D:7      | Reached XP level 9. HP: 45/72 MP: 9/9
  5426 | D:7      | Reached skill level 5 in Armour
  6258 | D:8      | Reached skill level 9 in Axes
  6435 | D:8      | Found a hide-covered altar of Uskayaw.
  6898 | D:8      | Found a burning altar of Makhleb.
  6907 | D:8      | Identified a scroll of acquirement
  6952 | D:8      | Found a blossoming altar of Fedhas.
  6952 | D:8      | Found an ancient bone altar of Kikubaaqudgha.
  6953 | D:8      | Acquired a +3 vampiric broad axe
  7571 | D:9      | Found a shimmering altar of Xom.
  7668 | D:9      | Found Kujom's Book Shoppe.
  7689 | D:9      | Found Naeblili's Antique Armour Emporium.
  7695 | D:9      | Bought a pair of glowing boots for 195 gold pieces
  7843 | D:9      | Reached skill level 10 in Axes
  7905 | D:9      | Found a basalt altar of Yredelemnul.
  7928 | D:9      | Found Xanutaur's Tremendous Tomes.
  7955 | D:9      | Noticed a cyan ugly thing
  7971 | D:9      | Reached XP level 10. HP: 78/80 MP: 6/10
  7980 | D:9      | Killed a cyan ugly thing
  8101 | D:9      | Found Qohoisum's Assorted Antiques.
  8109 | D:9      | Bought a scroll labelled USAONE ATOAC for 35 gold pieces
  8109 | D:9      | Bought a purple potion for 31 gold pieces
  8109 | D:9      | Bought a scroll of identify for 70 gold pieces
  8159 | D:9      | Found Naikh's Weapon Shop.
  8159 | D:9      | Found Etuvetumn's General Store.
  8160 | D:9      | Found Beamauhaw's Distillery.
  8168 | D:9      | Bought 2 potions of heal wounds for 110 gold pieces
  8479 | D:10     | Entered Level 10 of the Dungeon
  8484 | D:10     | Found an ornate altar of the Wu Jian Council.
  8831 | D:10     | Found a sacrificial altar of Ru.
  8945 | D:10     | Noticed a two-headed ogre
  8953 | D:10     | Killed a two-headed ogre
  8979 | D:10     | Found a runed translucent door.
  8979 | D:10     | Noticed a skeletal warrior
  8980 | D:10     | Noticed a yaktaur captain
  8980 | D:10     | Noticed a skeletal warrior
  8986 | D:10     | Noticed a deep troll earth mage
  8987 | D:10     | Noticed a lich
  8987 | D:10     | Noticed an orc knight
  8987 | D:10     | Noticed a necromancer
  8987 | D:10     | Noticed TheSexyCheese's ghost (novice FeBe)
  8992 | D:10     | Found a runed translucent door.
  9218 | D:11     | Reached skill level 11 in Axes
  9244 | D:11     | Found a staircase to the Lair.
  9244 | D:11     | Noticed an elephant
  9267 | D:11     | Killed an elephant
  9379 | D:11     | Noticed a cyclops
  9392 | D:11     | Killed a cyclops
  9564 | D:11     | Gained mutation: When low on magic, you restore magic in
                  | place of health. [demonic ancestry]
  9564 | D:11     | Reached XP level 11. HP: 85/89 MP: 11/11
  9867 | Lair:1   | Entered Level 1 of the Lair of Beasts
 10201 | Lair:1   | Reached skill level 12 in Axes
 10359 | Lair:1   | Noticed Urug
 10374 | Lair:1   | Killed Urug
 10772 | Lair:2   | Noticed Maggie
 10778 | Lair:2   | Reached skill level 10 in Fighting
 10809 | Lair:2   | Killed Maggie
 10899 | Lair:2   | Reached skill level 13 in Axes
 11047 | Lair:2   | Reached XP level 12. HP: 99/99 MP: 12/12
 11058 | Lair:2   | Found a staircase to the Shoals.
 11594 | Lair:3   | Found a staircase to the Snake Pit.
 11649 | Lair:3   | Noticed a six-headed hydra
 11655 | Lair:3   | Found a frozen archway.
 11663 | IceCv    | Entered an ice cave
 11990 | IceCv    | Found an ancient bone altar of Kikubaaqudgha.
 12016 | IceCv    | Reached skill level 14 in Axes
 13661 | Lair:3   | Slain by a 13-headed hydra

Illustrated notes

Levels and vault maps discovered:
D:1:      dpeg_arrival_circle_labyrinth_a, layout_rooms
D:2:      layout_basic, minmay_increasing_density
D:3:      layout_basic, uniq_ijyb, uniq_sigmund
D:4:      layout_rooms, enter_ossuary_5, serial_shops,
          nicolae_shop_advertising_works [nicolae_subvault_shop_adworks]
D:5:      layout_cave_pools, lemuel_crystal_altar, serial_bayou,
          serial_bayou_pond_e, serial_bayou_lagoon_b, serial_bayou_pond_a,
          serial_bayou_crossing
D:6:      layout_cave_pools, okawaru_altar_gauntlet_db,
          minmay_temple_entry_stoned_glass, serial_bayou_pond_c
D:7:      layout_basic, nicolae_dithmenos_the_darkroom, st_stairs_2
D:8:      layout_layer_cave, grunt_temple_overflow_growth_and_decay,
          old_standard_altar, old_standard_altar, water_maze_lemuel
D:9:      layout_basic, lemuel_round_altar, yredelemnul_altar_generic,
          serial_shops, shop_fountains, nicolae_shop_crystal,
          nicolae_shop_statue_plus, serial_curves, eino_curves_02,
          eino_curves_02, nicolae_shop_i_like_big_books, minivault_23,
          nicolae_wooded_promenade
D:10:     layout_irregular_city, mainiacjoe_overflow_cross_hatched,
          nicolae_ru_awakened_eye, muffindrake_ghost_dual_entry
D:11:     layout_basic, david_lair_generic, serial_rivers,
          chequers_serial_rivers_micro_d, chequers_serial_rivers_small_a,
          chequers_serial_rivers_micro_d, chequers_serial_rivers_large_b,
          chequers_serial_rivers_micro_d
D:12:     layout_roguey, david_orc_4, minivault_8
Temple:   nicolae_temple_ecumenical_triangle
Lair:1:   layout_regular_city, uniq_urug
Lair:2:   layout_loops_ring, nicolae_shoals_entry_flooding, st_stairs_4,
          grunt_forest_large_clearings, grunt_megastairs_2,
          infiniplex_staircase_pool_2, lemuel_fruit_tree, uniq_maggie
Lair:3:   layout_long_grid, guppyfry_snake_entry_island,
          portal_ice_cave_entry_ice_simulacra, beast_lair_carwin_8,
          grunt_megastairs_3

Skill      XL: |  1  2  3  4  5  6  7  8  9 10 11 12 |
---------------+-------------------------------------+-----
Axes           | 2 3 4 5 7 8 10 11 13 14 | 14.5
Fighting       | 4 5 6 7 8 9 10 11 | 11.7
Armour         | 3 4 6 7 8 9 |  9.9
Shields        | |  2.7

Action                     |  1- 3 |  4- 6 |  7- 9 | 10-12 || total
---------------------------+-------+-------+-------+-------++-------
  Melee: War axe           |   107 |   203 |   332 |       ||   642
         Broad axe         |       |       |    46 |   539 ||   585
 Invoke: Potion Petition   |       |       |       |     2 ||     2
  Evoke: Phantom mirror    |       |       |       |     1 ||     1
    Use: Scroll            |       |     6 |    12 |     9 ||    27
         Potion            |       |       |     5 |     7 ||    12
   Stab: Distracted        |       |       |     1 |     3 ||     4
         Invisible         |       |       |       |     2 ||     2
 Armour: Scale mail        |    69 |    88 |    34 |       ||   191
         Chain mail        |       |       |   212 |   527 ||   739
  Dodge: Dodged            |    62 |    68 |    81 |   187 ||   398
  Block: Buckler           |    37 |    42 |   108 |   184 ||   371
         Tower shield      |       |       |       |    33 ||    33

Table legend: (Time is in decaauts)
 A = Elapsed time spent in this place.
 B = Non-inter-level travel time spent in this place.
 C = Inter-level travel time spent in this place.
 D = Time resting spent in this place.
 E = Time spent auto-exploring this place.
 F = Levels seen in this place.
 G = Mean time per level.
                   A        B        C        D        E       F      G
               +--------+--------+--------+--------+--------+-----+--------+
         Total |  13871 |  13467 |    404 |   1205 |   9083 |  18 |  770.6 |
       Dungeon |   9558 |   9211 |    347 |     35 |   7151 |  12 |  796.5 |
        Temple |     21 |     21 |      0 |      0 |      2 |   1 |   21.0 |
          Lair |   1816 |   1759 |     57 |      0 |   1315 |   3 |  605.3 |
       Ossuary |    478 |    478 |      0 |      0 |    264 |   1 |  478.0 |
      Ice Cave |   1996 |   1996 |      0 |   1170 |    351 |   1 | 1996.0 |
               +--------+--------+--------+--------+--------+-----+--------+

Top non-repeatable levels by time:
   IceCv: 1996 daAuts
     D:8: 1472 daAuts
     D:7: 1182 daAuts
     D:3: 1131 daAuts
     D:9: 930 daAuts
  Lair:1: 872 daAuts
     D:1: 836 daAuts
     D:2: 829 daAuts
  Lair:2: 802 daAuts
    D:10: 735 daAuts
     D:5: 725 daAuts
    D:11: 645 daAuts
     D:6: 612 daAuts
 Ossuary: 478 daAuts
     D:4: 437 daAuts
